MLB
NEW YORK METS @ SAN FRANCISCO GIANTS
06/19/2044
 
TOP OF THE 1ST
New York Mets batting - Pitching for San Francisco Giants : RHP Casey Jones
Pitching: RHP Casey Jones
Batting: SHB Sean Cook 0-0: Foul Ball, location: 2F
0-1: Ball
1-1: Called Strike
1-2: Strikes out looking
Batting: SHB Lewis Thorpe Jr. 0-0: Called Strike
0-1: Foul Ball, location: 2F
0-2: Ball
1-2: TRIPLE (Flyball, 9D, EV 103.8 MPH)
Batting: SHB Jonathan Jenkins 0-0: Foul Ball, location: 2F
0-1: Foul Ball, location: 2F
0-2: Strikes out swinging
Batting: SHB Nelle van den Berg 0-0: Foul Ball, location: 2F
0-1: Called Strike
0-2: Strikes out swinging
Top of the 1st over - 0 runs, 1 hit, 0 errors, 1 left on base; New York 0 - San Francisco 0
BOTTOM OF THE 1ST
San Francisco Giants batting - Pitching for New York Mets : RHP Matt McAtee
Pitching: RHP Matt McAtee
Batting: RHB Nick Rigden 0-0: Called Strike
0-1: Foul Ball, location: 2F
0-2: Ball
1-2: Ball
2-2: Strikes out looking
Batting: RHB Quintin Parker 0-0: Ball
1-0: Ball
2-0: Foul Ball, location: 2F
2-1: Foul Ball, location: 2F
2-2: Reached via error on a dropped throw from 1B, E1 (Groundball, 34, EV 106.9 MPH)
Batting: LHB Jack Henningar 0-0: Ball
1-0: Ball
2-0: Called Strike
2-1: Fielders Choice at 2nd, 6-4 (Groundball, 6, EV 101.9 MPH)
Batting: LHB Willis Robles 0-0: Called Strike
0-1: Ball
Jack Henningar steals 2nd base (no throw)
1-1: SINGLE (Flyball, 6D, EV 93.1 MPH)
Jack Henningar to third
Runner from 3rd tries for Home, SAFE, throw by LF to home
Batting: RHB Sean Zielinski 0-0: Ball
1-0: Ball
2-0: Foul Ball, location: 2F
2-1: Foul Ball, location: 2F
2-2: Foul Ball, location: 2F
2-2: Ball
3-2: TRIPLE (Line Drive, 8RD, EV 93.1 MPH)
Willis Robles scores
Batting: RHB Jim Zucco 0-0: Ball
1-0: SINGLE (Line Drive, 9S, EV 96.9 MPH)
Sean Zielinski scores
Batting: RHB Henri Cederberg 0-0: Foul Ball, location: 2F
0-1: Foul Ball, location: 2F
0-2: Strikes out looking
Bottom of the 1st over - 3 runs, 3 hits, 1 error, 1 left on base; New York 0 - San Francisco 3
TOP OF THE 2ND
New York Mets batting - Pitching for San Francisco Giants : RHP Casey Jones
Batting: SHB Harry Hoop 0-0: Ground out 5-3 (Groundball, 5S, EV 74.4 MPH)
Batting: SHB Javy Rosa 0-0: Ball
1-0: SINGLE (Line Drive, 78M, EV 104.4 MPH)
Batting: RHB Jeff Jank 0-0: DOUBLE (Line Drive, 89XD, EV 105.0 MPH)
Javy Rosa to third
Runner from 3rd tries for Home, SAFE, no throw by CF
Batting: SHB Tomas Caldera 0-0: Ball
Jeff Jank is caught stealing 3rd base 2-5
1-0: Foul Ball, location: 2F
1-1: Ground out U3 (Groundball, 3L, EV 84.4 MPH)
Top of the 2nd over - 1 run, 2 hits, 0 errors, 0 left on base; New York 1 - San Francisco 3
BOTTOM OF THE 2ND
San Francisco Giants batting - Pitching for New York Mets : RHP Matt McAtee
Batting: RHB Xavier Castellanos 0-0: Ground out 4-3 (Groundball, 34, EV 85.6 MPH)
Batting: SHB Bill Dooms 0-0: Ball
1-0: Called Strike
1-1: Foul Ball, location: 2F
1-2: DOUBLE (Line Drive, 89D, EV 111.9 MPH)
Batting: RHB Nick Rigden 0-0: Ball
1-0: Ball
2-0: Foul Ball, location: 2F
2-1: Called Strike
2-2: Foul Ball, location: 2F
2-2: Ball
3-2: Ground out 2-3 (Groundball, 15S, EV 65.6 MPH)
Bill Dooms to third
Batting: RHB Quintin Parker 0-0: Ball
1-0: Ball
2-0: Ball
3-0: Called Strike
3-1: SINGLE (Line Drive, 9S, EV 95.0 MPH)
Bill Dooms scores
Batting: LHB Jack Henningar 0-0: Fly out, F8 (Flyball, 78D, EV 99.4 MPH)
Bottom of the 2nd over - 1 run, 2 hits, 0 errors, 1 left on base; New York 1 - San Francisco 4
TOP OF THE 3RD
New York Mets batting - Pitching for San Francisco Giants : RHP Casey Jones
Batting: LHB Timo Gomez 0-0: Called Strike
0-1: Ball
1-1: Foul Ball, location: 2F
1-2: Ball
2-2: Strikes out swinging
Batting: SHB Sean Cook 0-0: Called Strike
0-1: Swinging Strike
0-2: Ball
1-2: Foul Ball, location: 2F
1-2: Strikes out swinging
Batting: SHB Lewis Thorpe Jr. 0-0: Ball
1-0: Foul Ball, location: 2F
1-1: Foul Ball, location: 2F
1-2: Foul Ball, location: 2F
1-2: Ball
2-2: Ground out 4-3 (Groundball, 4M, EV 85.6 MPH)
Top of the 3rd over - 0 runs, 0 hits, 0 errors, 0 left on base; New York 1 - San Francisco 4
BOTTOM OF THE 3RD
San Francisco Giants batting - Pitching for New York Mets : RHP Matt McAtee
Batting: LHB Willis Robles 0-0: Called Strike
0-1: Ball
1-1: Foul Ball, location: 2F
1-2: Fly out, F6 (Popup, 6M, EV 75.6 MPH)
Batting: RHB Sean Zielinski 0-0: Ground out U3 (Groundball, 34S, EV 80.6 MPH)
Batting: RHB Jim Zucco 0-0: Called Strike
0-1: Ball
1-1: Ball
2-1: Ball
3-1: Base on Balls
Batting: RHB Henri Cederberg 0-0: Called Strike
0-1: Ball
1-1: Called Strike
1-2: Ball
2-2: Foul Ball, location: 2F
2-2: Ground out U3 (Groundball, 3, EV 88.1 MPH)
Bottom of the 3rd over - 0 runs, 0 hits, 0 errors, 1 left on base; New York 1 - San Francisco 4
TOP OF THE 4TH
New York Mets batting - Pitching for San Francisco Giants : RHP Casey Jones
Batting: SHB Jonathan Jenkins 0-0: Ground out 6-3 (Groundball, 6, EV 110.6 MPH)
Batting: SHB Nelle van den Berg 0-0: Ball
1-0: Ball
2-0: Ball
3-0: Base on Balls
Batting: SHB Harry Hoop 0-0: Ball
1-0: Ball
2-0: SINGLE (Groundball, 4MS, EV 71.3 MPH) (infield hit)
Nelle van den Berg to second
Batting: SHB Javy Rosa 0-0: Ball
1-0: Foul Ball, location: 2F
1-1: Called Strike
Nelle van den Berg steals 3rd base
1-2: Strikes out looking
Batting: RHB Jeff Jank 0-0: Ball
1-0: Ball
2-0: Foul Ball, location: 2F
2-1: Swinging Strike
2-2: SINGLE (Line Drive, 56D, EV 97.5 MPH)
Nelle van den Berg scores
Harry Hoop to second
Batting: SHB Tomas Caldera 0-0: Ball
1-0: Fielders Choice at 2nd, 5-4 (Groundball, 6, EV 101.3 MPH)
Top of the 4th over - 1 run, 2 hits, 0 errors, 2 left on base; New York 2 - San Francisco 4
BOTTOM OF THE 4TH
San Francisco Giants batting - Pitching for New York Mets : RHP Matt McAtee
Batting: RHB Xavier Castellanos 0-0: Ball
1-0: Ball
2-0: Ground out 4-3 (Groundball, 4S, EV 85.0 MPH)
Batting: SHB Bill Dooms 0-0: Called Strike
0-1: Fly out, F9 (Flyball, 9, EV 96.3 MPH)
Batting: RHB Nick Rigden 0-0: Foul Ball, location: 2F
0-1: Ball
1-1: Ball
2-1: Called Strike
2-2: Ground out 6-3 (Groundball, 6M, EV 88.1 MPH)
Bottom of the 4th over - 0 runs, 0 hits, 0 errors, 0 left on base; New York 2 - San Francisco 4
TOP OF THE 5TH
New York Mets batting - Pitching for San Francisco Giants : RHP Casey Jones
Batting: LHB Timo Gomez 0-0: Ball
1-0: SINGLE (Line Drive, 3D, EV 99.4 MPH)
Batting: SHB Sean Cook 0-0: Called Strike
Timo Gomez steals 2nd base
0-1: Called Strike
0-2: Foul Ball, location: 2F
0-2: Ball
1-2: Ball
2-2: Foul Ball, location: 2F
2-2: Foul Ball, location: 2F
2-2: Foul Ball, location: 2F
2-2: Ball
3-2: Ground out 6-3 (Groundball, 6M, EV 110.0 MPH)
Timo Gomez to third
Batting: SHB Lewis Thorpe Jr. 0-0: Bunt for hit to 13S - play at first, batter OUT! 1-3
Batting: SHB Jonathan Jenkins 0-0: Called Strike
0-1: Ball
1-1: Ground out U3 (Groundball, 3S, EV 63.8 MPH)
Top of the 5th over - 0 runs, 1 hit, 0 errors, 1 left on base; New York 2 - San Francisco 4
BOTTOM OF THE 5TH
San Francisco Giants batting - Pitching for New York Mets : RHP Matt McAtee
Batting: RHB Quintin Parker 0-0: Ball
1-0: Ball
2-0: Called Strike
2-1: Called Strike
2-2: Strikes out swinging
Batting: LHB Jack Henningar 0-0: Ball
1-0: Ball
2-0: Ball
3-0: Base on Balls
Pitching: RHP David Matheney
Batting: LHB Willis Robles 0-0: Called Strike
0-1: Swinging Strike
0-2: Ball
1-2: Foul Ball, location: 2F
1-2: Ball
2-2: Ball
3-2: Fielders Choice at 2nd, 3-6 (Groundball, 3, EV 96.3 MPH)
Batting: RHB Sean Zielinski 0-0: Ball
1-0: Swinging Strike
1-1: Ball
2-1: Ball
3-1: Base on Balls
Willis Robles to second
Batting: RHB Jim Zucco 0-0: Fly out, F8 (Flyball, 78D, EV 89.4 MPH)
Bottom of the 5th over - 0 runs, 0 hits, 0 errors, 2 left on base; New York 2 - San Francisco 4
TOP OF THE 6TH
New York Mets batting - Pitching for San Francisco Giants : RHP Casey Jones
Batting: SHB Nelle van den Berg 0-0: Ball
1-0: Called Strike
1-1: SOLO HOME RUN (Flyball, 7D, EV 101.3 MPH), Distance : 389 ft
Batting: SHB Harry Hoop 0-0: Foul Ball, location: 2F
0-1: Ball
1-1: Called Strike
1-2: Ball
2-2: Strikes out swinging
Batting: SHB Javy Rosa 0-0: Called Strike
0-1: Swinging Strike
0-2: Strikes out swinging
Batting: RHB Jeff Jank 0-0: Ball
1-0: Foul Ball, location: 2F
1-1: Ball
2-1: Called Strike
2-2: Reached on error, E5 (Groundball, 56, EV 83.1 MPH)
Batting: SHB Tomas Caldera 0-0: Foul Ball, location: 2F
0-1: Called Strike
0-2: Ball
Jeff Jank steals 2nd base
1-2: Ground out 4-3 (Groundball, 4, EV 101.9 MPH)
Top of the 6th over - 1 run, 1 hit, 1 error, 1 left on base; New York 3 - San Francisco 4
BOTTOM OF THE 6TH
San Francisco Giants batting - Pitching for New York Mets : RHP David Matheney
Batting: RHB Henri Cederberg 0-0: Ball
1-0: Ball
2-0: Ground out 6-3 (Groundball, 6, EV 83.8 MPH)
Batting: RHB Xavier Castellanos 0-0: Called Strike
0-1: Called Strike
0-2: Ball
1-2: Ground out 4-3 (Groundball, 4, EV 87.5 MPH)
Batting: SHB Bill Dooms 0-0: Called Strike
0-1: Foul Ball, location: 2F
0-2: Ball
1-2: Strikes out swinging
Bottom of the 6th over - 0 runs, 0 hits, 0 errors, 0 left on base; New York 3 - San Francisco 4
TOP OF THE 7TH
New York Mets batting - Pitching for San Francisco Giants : RHP Casey Jones
Pitching: RHP Andrew Kindig
Batting: LHB Timo Gomez 0-0: Swinging Strike
0-1: Fly out, F8 (Flyball, 89M, EV 85.0 MPH)
Batting: SHB Sean Cook 0-0: Ball
1-0: Ball
2-0: Called Strike
2-1: Foul Ball, location: 2F
2-2: Foul Ball, location: 2F
2-2: Foul Ball, location: 2F
2-2: Foul Ball, location: 2F
2-2: Ground out 6-3 (Groundball, 6, EV 85.0 MPH)
Batting: SHB Lewis Thorpe Jr. 0-0: Foul Ball, location: 2F
0-1: SINGLE (Groundball, 25, EV 76.9 MPH) (infield hit)
Batting: SHB Jonathan Jenkins 0-0: Called Strike
Lewis Thorpe Jr. steals 2nd base
0-1: Foul Ball, location: 2F
0-2: Ball
1-2: Ball
2-2: Strikes out swinging
Top of the 7th over - 0 runs, 1 hit, 0 errors, 1 left on base; New York 3 - San Francisco 4
BOTTOM OF THE 7TH
San Francisco Giants batting - Pitching for New York Mets : RHP David Matheney
Pitching: LHP Xu-gang Zhou
Batting: RHB Nick Rigden 0-0: Ball
1-0: Ball
2-0: SINGLE (Line Drive, 89M, EV 109.4 MPH)
Batting: RHB Quintin Parker 0-0: Ball
1-0: Sac Bunt to 13 - play at first, batter OUT! 1-4
Nick Rigden to second
Batting: LHB Jack Henningar 0-0: Intentional Walk
Batting: LHB Willis Robles 0-0: Ball
1-0: Ball
2-0: Foul Ball, location: 2F
2-1: Fly out, F8 (Flyball, 8RS, EV 85.6 MPH)
Batting: RHB Sean Zielinski 0-0: Called Strike
0-1: Ball
1-1: Called Strike
1-2: DOUBLE (Groundball, 5L, EV 97.5 MPH)
Nick Rigden scores
Jack Henningar to third
Runner from 3rd tries for Home, SAFE, throw by LF to home
Batting: RHB Jim Zucco 0-0: Ball
1-0: Ball
2-0: Called Strike
2-1: Foul Ball, location: 2F
2-2: Ball
3-2: Fly out, F9 (Line Drive, 9, EV 98.1 MPH)
Bottom of the 7th over - 2 runs, 2 hits, 0 errors, 1 left on base; New York 3 - San Francisco 6
TOP OF THE 8TH
New York Mets batting - Pitching for San Francisco Giants : RHP Andrew Kindig
Pitching: RHP Johnny Munoz
Batting: SHB Nelle van den Berg 0-0: Ball
1-0: Swinging Strike
1-1: Called Strike
1-2: Strikes out swinging
Batting: SHB Harry Hoop 0-0: Ball
1-0: Ball
2-0: Called Strike
2-1: Fly out, F9 (Flyball, 89S, EV 76.3 MPH)
Batting: SHB Javy Rosa 0-0: Called Strike
0-1: Called Strike
0-2: Ball
1-2: Ball
2-2: Ball
3-2: Fly out, F8 (Flyball, 89S, EV 93.8 MPH)
Top of the 8th over - 0 runs, 0 hits, 0 errors, 0 left on base; New York 3 - San Francisco 6
BOTTOM OF THE 8TH
San Francisco Giants batting - Pitching for New York Mets : LHP Xu-gang Zhou
Pitching: LHP Chris Thurner
Batting: RHB Henri Cederberg 0-0: Ball
1-0: Ball
2-0: Called Strike
2-1: Hit by Pitch
Batting: RHB Xavier Castellanos 0-0: Ball
1-0: Ball
2-0: Swinging Strike
2-1: Ball
3-1: Foul Ball, location: 2F
3-2: Strikes out swinging
Batting: SHB Bill Dooms 0-0: Ball
Henri Cederberg steals 2nd base
1-0: Foul Ball, location: 2F
1-1: Ball
2-1: SINGLE (Flyball, 78S, EV 90.6 MPH)
Henri Cederberg to third
Runner from 3rd tries for Home, SAFE, throw by LF to home
Batting: RHB Nick Rigden 0-0: Foul Ball, location: 2F
0-1: Ball
1-1: Ball
2-1: Ball
3-1: Base on Balls
Bill Dooms to second
Batting: RHB Quintin Parker 0-0: Ball
1-0: SINGLE (Line Drive, 4D, EV 98.8 MPH)
Bill Dooms to third
Nick Rigden to second
Runner from 3rd tries for Home, SAFE, throw by CF to home
Batting: LHB Jack Henningar 0-0: Ball
1-0: SINGLE (Line Drive, 4MD, EV 105.6 MPH)
Nick Rigden to third
Quintin Parker to second
Batting: LHB Willis Robles 0-0: Called Strike
0-1: Foul Ball, location: 2F
0-2: Ball
1-2: Ball
2-2: Grounds into double play, 4-6-3 (Groundball, 4, EV 85.0 MPH)
Bottom of the 8th over - 2 runs, 3 hits, 0 errors, 2 left on base; New York 3 - San Francisco 8
TOP OF THE 9TH
New York Mets batting - Pitching for San Francisco Giants : RHP Johnny Munoz
Batting: RHB Jeff Jank 0-0: SINGLE (Line Drive, 34D, EV 100.6 MPH)
Batting: SHB Tomas Caldera 0-0: Called Strike
0-1: Called Strike
0-2: Ball
1-2: Ball
2-2: Grounds into double play, 3-6-3 (Groundball, 3, EV 85.0 MPH)
Batting: LHB Timo Gomez 0-0: Foul Ball, location: 2F
0-1: Ball
1-1: Ground out 5-3 (Groundball, 56, EV 104.4 MPH)
Top of the 9th over - 0 runs, 1 hit, 0 errors, 0 left on base; New York 3 - San Francisco 8
Thursday, March 31st , 2022 - OOTP Baseball 22.12 Build 89